 Dungeon Crawl Stone Soup version 0.31-a0-210-gccc998df9b (webtiles) character file.

Game seed: 8817169654913103828

116 porpoise the Shooter (level 5, 0/29 (32) HPs)
             Began as a Tengu Hunter on June 29, 2023.
             Slain by a gnoll
             ... wielding a +0 whip
              (5 damage)
             ... on level 3 of the Dungeon.
             The game lasted 00:06:42 (2260 turns).

porpoise the Shooter (Tengu Hunter)                 Turns: 2260, Time: 00:06:43

HP:   0/29 (32)     AC:  3    Str: 11    XL:     5   Next: 1%
MP:   6/6           EV: 14    Int: 10    God:
Gold: 173           SH:  0    Dex: 19    Spells: 4/4 levels left

rFire   + . .        a - +0 shortbow
rCold   . . .        (shield currently unavailable)
rNeg    . . .        c - +0 leather armour
rPois   .            (helmet restricted)
rElec   .            (no cloak)
rCorr   .            (no gloves)
SInv    .            (boots unavailable)
Will    .....        s - amulet of regeneration
Stlth   ++           m - ring of protection from fire
HPRegen 1.04/turn    (no ring)
MPRegen 0.10/turn

%: no passive effects
@: flying quickly and evasively, hasted, drained, very quick
A: beak, talons 3, nimble flight
a: no special abilities


You were on level 3 of the Dungeon.
You visited 1 branch of the dungeon, and saw 3 of its levels.

You collected 173 gold pieces.

Inventory:

Hand Weapons
 a - a +0 shortbow (weapon)
 b - the +8 spear "Kicooc" {flame, rPois Str-3 Int+2 Dex+2}
   (You found it on level 3 of the Dungeon)

   Str:       It affects your strength (-3).
   Int:       It affects your intelligence (+2).
   Dex:       It affects your dexterity (+2).
   rPois:     It protects you from poison.
 p - a +0 dagger
Missiles
 j - 6 poisoned darts
Armour
 c - a +0 leather armour (worn)
Jewellery
 m - a ring of protection from fire (left hand)
 s - an amulet of regeneration (around neck)
Scrolls
 g - 3 scrolls of teleportation
 h - a scroll of immolation {unknown}
 i - a scroll of butterflies
 k - a scroll of torment
 l - a scroll of amnesia
 q - a scroll of identify
 r - a scroll of enchant weapon {unknown}
Potions
 d - a potion of cancellation
 e - 2 potions of lignification
 n - a potion of berserk rage
 o - a potion of enlightenment
 t - a potion of mutation


   Skills:
 + Level 3.0 Fighting
 * Level 5.7 Ranged Weapons
 - Level 2.1 Dodging
 + Level 2.4 Stealth


You had 4 spell levels left.
You didn't know any spells.
Your spell library was empty.

Dungeon Overview and Level Annotations

Branches:
Dungeon (3/15)

Altars:


Innate Abilities, Weirdness & Mutations

You have a beak for a mouth.
You have claws for feet.
Your magical nature lets you fly swiftly and evasively.


Message History

You start resting.
HP restored.
Found two stone staircases leading up.
No target in view!
Items here: )) ††.
You see here a +0 flail.
Found a trident.
A gnoll comes into view. It is wielding a +0 spear.
The gnoll shouts!
A gnoll comes into view. It is wielding a +0 whip.
A gnoll comes into view. It is wielding a +0 club.
You shoot an arrow. The gnoll shouts!
The arrow hits the gnoll but does no damage.
You shoot an arrow. The arrow barely misses the gnoll.
You shoot an arrow.
The arrow hits the gnoll but does no damage.
You shoot an arrow. The arrow hits the gnoll!
The gnoll is severely wounded.
The gnoll hits you from afar with a +0 spear.
You shoot an arrow. The arrow hits the gnoll.
The gnoll is severely wounded.
The gnoll hits you from afar with a +0 spear!
You shoot an arrow.
The arrow hits the gnoll but does no damage.
The gnoll is severely wounded.
The gnoll hits you from afar with a +0 spear.
You shoot an arrow. The arrow completely misses the gnoll.
The arrow closely misses the gnoll.
The gnoll closely misses you. x2
You shoot an arrow. The arrow closely misses the gnoll.
The arrow hits the gnoll.
The gnoll is almost dead.
The gnoll hits you from afar with a +0 spear! x2
* * * LOW HITPOINT WARNING * * *
The gnoll closely misses you.
You are too injured to fight recklessly!
You are too injured to fight recklessly!
Unknown command.
You feel yourself speed up. The gnoll hits you with a +0 whip.
You die...

.............####)...##
.................)..##
.....#.#...#####....#
.... # ##.... #....##
... #...#. ##....#
..(..#.###..#.##..#..###
.......###.............#
..............)........#
#.......###.....@......#
.........#.....g.g<...<#
.......)...##....#######
.........## ##..g.
...)......## ##....
........#..####.#...
.....................
........<...<.........
...>..................#


You could see 3 gnolls.

Vanquished Creatures
  A gnoll (D:3)
  An adder (D:3)
  A worm (D:2)
  2 dart slugs (D:2)
  15 orcs
  5 bats
  6 endoplasms
  2 giant cockroaches (D:2)
  4 goblins
  6 hobgoblins
  4 jackals
  4 kobolds
  2 quokkas (D:2)
  6 ball pythons
  5 frilled lizards
  6 rats
70 creatures vanquished.

Notes
Turn   | Place    | Note
-------+----------+-------------------------------------------
     0 | D:1      | porpoise the Tengu Hunter began the quest for the Orb.
     0 | D:1      | Reached XP level 1. HP: 12/12 MP: 2/2
   204 | D:1      | Reached XP level 2. HP: 17/17 MP: 3/3
   702 | D:1      | Reached XP level 3. HP: 22/22 MP: 4/4
   875 | D:2      | Reached skill level 5 in Ranged Weapons
  1553 | D:3      | Reached XP level 4. HP: 27/27 MP: 5/5
  1672 | D:3      | Identified the +8 spear "Kicooc" {flame, rPois Str-3 Int+2
                  | Dex+2}
  2203 | D:3      | Gained mutation: Your magical nature lets you fly swiftly
                  | and evasively. [Tengu growth]
  2203 | D:3      | Reached XP level 5. HP: 13/29 MP: 6/6
  2260 | D:3      | Slain by a gnoll

Illustrated notes

Levels and vault maps discovered:
D:1:      dpeg_arrival_erosion, layout_loops_ring, serial_forest,
          infiniplex_forest_straight_3, infiniplex_forest_clump_double,
          infiniplex_forest_clump_small, infiniplex_forest_lined_corner,
          infiniplex_forest_pool
D:2:      layout_loops_ring
D:3:      layout_rooms, uniq_jessica

Skill      XL: |  1  2  3  4 |
---------------+-------------+-----
Ranged Weapons | 5 |  5.7
Stealth        | 2 |  2.4
Fighting       | 3 |  3.0
Dodging        | |  2.1

Action                     |  1- 3 |  4- 6 || total
---------------------------+-------+-------++-------
   Fire: Shortbow          |    99 |   107 ||   206
    Use: Scroll            |     4 |     5 ||     9
         Potion            |       |     1 ||     1
 Armour: Leather armour    |     5 |     5 ||    10
  Dodge: Dodged            |    26 |    36 ||    62

Table legend: (Time is in decaauts)
 A = Elapsed time spent in this place.
 B = Non-inter-level travel time spent in this place.
 C = Inter-level travel time spent in this place.
 D = Time resting spent in this place.
 E = Time spent auto-exploring this place.
 F = Levels seen in this place.
 G = Mean time per level.
                   A        B        C        D        E       F      G
               +--------+--------+--------+--------+--------+-----+--------+
         Total |   2292 |   2216 |     76 |    457 |   1331 |   3 |  764.0 |
       Dungeon |   2292 |   2216 |     76 |    457 |   1331 |   3 |  764.0 |
               +--------+--------+--------+--------+--------+-----+--------+

Top non-repeatable levels by time:
     D:2: 872 daAuts
     D:1: 871 daAuts
     D:3: 548 daAuts
